 Dungeon Crawl Stone Soup version 0.23-a0-208-gb6b040f (webtiles) character file.

599 GizzardofKazz the Shield-Bearer (level 7, -1/52 HPs)
             Began as a Formicid Fighter on Sept 26, 2018.
             Splashed by a jelly's acid (9 damage)
             ... on level 1 of the Dungeon.
             The game lasted 00:07:31 (3404 turns).

GizzardofKazz the Shield-Bearer (Formicid Fighter)  Turns: 3404, Time: 00:07:33

Health: -1/52      AC:  9    Str: 23    XL:     7   Next: 68%
Magic:  7/7        EV:  9    Int:  7    God:
Gold:   134        SH: 11    Dex: 10    Spells: 6/6 levels left

rFire    . . .     SeeInvis +   a - +0 war axe
rCold    . . .     Gourm    .   c - +0 shield
rNeg     . . .     Faith    .   b - +0 scale mail
rPois    +         Spirit   .   (helmet unavailable)
rElec    .         Reflect  .   (no cloak)
rCorr    .         Harm     .   s - +0 pair of gloves
MR       .....                  u - +0 pair of boots
Stlth    ..........             (no amulet)
HPRegen  0.17/turn              n - ring of poison resistance
MPRegen  0.10/turn              (no ring)

@: no status effects
A: permanent stasis, dig shafts and tunnels, four strong arms, antennae 3
a: Dig, Shaft Self


You were on level 1 of the Dungeon.
You were hungry.

You visited 1 branch of the dungeon, and saw 3 of its levels.

You collected 134 gold pieces.

Inventory:

Hand Weapons
 a - a +0 war axe (weapon)
Armour
 b - a +0 scale mail (worn)
 c - a +0 shield (worn)
 s - a +0 pair of gloves (worn)
 u - a +0 pair of boots (worn)
Jewellery
 n - a ring of poison resistance (left hand)
 t - an uncursed ring of flight {unknown}
Scrolls
 h - a scroll of teleportation {unknown}
 i - 2 scrolls of enchant weapon {unknown}
 k - 2 scrolls of blinking {unknown}
 l - a scroll of enchant armour {unknown}
 m - 4 scrolls of identify {unknown}
 r - 2 scrolls of remove curse {unknown}
Potions
 d - a potion of might
 e - a potion of heal wounds {unknown}
 g - a potion of haste {unknown}
 j - a potion of flight {unknown}
 o - 3 potions of lignification {unknown}
 p - 2 potions of mutation {unknown}
 v - a potion of cancellation {unknown}
 w - a potion of curing
Comestibles
 f - 3 rations


   Skills:
 - Level 3.2 Fighting
 + Level 5.8 Axes
 - Level 3.2 Armour
 + Level 7.5 Shields


You had 6 spell levels left.
You didn't know any spells.
Your spell library was empty.

Dungeon Overview and Level Annotations

Branches:
Dungeon (3/15)

Altars:
Xom
Jiyva


Innate Abilities, Weirdness & Mutations

You cannot be hasted, slowed, berserked, paralysed or teleported.
You can dig through walls and to a lower floor.
Your four strong arms can wield two-handed weapons with a shield.
You have a pair of large antennae on your head. (SInv)


Message History

* * * LOW HITPOINT WARNING * * *
You block the hobgoblin's attack.
Unknown command.
You hit the hobgoblin.
You kill the hobgoblin!
The ooze hits you but does no damage.
You slash the ooze!
You kill the ooze!
You block the jelly's attack.
You slash the ooze!
You kill the ooze!
You slash the jelly!
You kill the jelly!
You slash the jelly!
Your hands burn!
* * * LOW HITPOINT WARNING * * *
The jelly is almost dead.
The jelly hits you but does no damage. The jelly hits you.
* * * LOW HITPOINT WARNING * * *
You are splashed with acid!
The acid burns!
You die...

.#..#.##...##........K...........
..##..#.##....#{.J.#...#..#JJ####
.##.#.#...##...##....##..####†gJK
###.###.#.(.....#...J...#####{{J.
##.#...#..#...#.........8.#.#{.J.
.######.#...#..#..##......).#w...
#...#.##.#...#KJ{{........'.#....
###..##.##..).JJ##......8.#.#._..
#.###.#.#..#..{#@.#(....#####....
.#.###.##.#.#..##...#....## ....
##...#.#..#..#...#..##....#######
.####.##..#..##..................
#..#..#.#..#..#...#...#...⌠....##
.###.##..#...#....#....#.........
..##...##.##...##................
#################################
#################### #....#####


You could see 2 jellies, an ooze and a kobold.

Vanquished Creatures
  6 jellies (D:1)
  2 orc priests (D:3)
  5 orc wizards
  Jessica (D:3)
  6 adders
  3 oozes
  4 worms
  2 dart slugs (D:3)
  2 leopard geckos
  14 orcs
  A ball python (D:3)
  9 bats
  A giant cockroach (D:2)
  9 goblins
  13 hobgoblins
  4 jackals
  10 kobolds
  2 quokkas (D:2)
  3 frilled lizards
  10 rats
107 creatures vanquished.

Notes
Turn   | Place    | Note
-------+----------+-------------------------------------------
     0 | D:1      | GizzardofKazz the Formicid Fighter began the quest for the
                  | Orb.
     0 | D:1      | Reached XP level 1. HP: 18/18 MP: 1/1
    35 | D:1      | Reached XP level 2. HP: 23/24 MP: 2/2
    49 | D:1      | Reached skill level 4 in Shields
    82 | D:1      | Found a viscous altar of Jiyva.
   302 | D:1      | Found a shimmering altar of Xom.
   399 | D:1      | Reached XP level 3. HP: 19/29 MP: 3/3
   880 | D:2      | Reached XP level 4. HP: 25/35 MP: 4/4
   897 | D:2      | Reached skill level 5 in Shields
   897 | D:2      | Reached XP level 5. HP: 10/41 MP: 5/5
  1891 | D:3      | Noticed Jessica
  1910 | D:3      | Killed Jessica
  1910 | D:3      | Reached skill level 6 in Shields
  1910 | D:3      | Reached XP level 6. HP: 20/47 MP: 6/6
  2512 | D:3      | Reached skill level 5 in Axes
  2512 | D:3      | Reached XP level 7. HP: 48/52 MP: 7/7
  3361 | D:1      | Reached skill level 7 in Shields
  3404 | D:1      | Splashed by a jelly's acid

Vault maps used:
D:1:      erik_arrival_cave_to_civilisation, xom_teletrap_fun
D:3:      first_ration, uniq_jessica

Skill      XL: |  1  2  3  4  5  6  7 |
---------------+----------------------+-----
Shields        | 4 5 6 7 |  7.5
Axes           | 3 4 5 |  5.8
Fighting       | |  3.2
Armour         | |  3.2

Action                   |  1- 3 |  4- 6 |  7- 9 || total
-------------------------+-------+-------+-------++-------
Melee: War axe           |   100 |   171 |    72 ||   343
 Abil: Dig               |       |       |     1 ||     1
  Eat: Chunk             |       |     6 |     2 ||     8
Armor: Scale mail        |    51 |    49 |    24 ||   124
Dodge: Dodged            |    37 |    60 |    20 ||   117
Block: Shield            |    67 |    76 |    46 ||   189

Table legend:
 A = Non-vault XP
 B = Vault XP
 C = Vault XP percentage of total XP
 D = Non-vault monster count
 E = Vault monster count
 F = Vault count percentage of total count
                 A         B        C        D         E       F
            +---------+---------+-------+---------+---------+-------
      Total |     544 |     313 |  36.5 |      94 |      13 |  12.1
            +---------+---------+-------+---------+---------+-------
        D:1 |      34 |     276 |  89.0 |      22 |      12 |  35.3
        D:2 |     176 |       0 |   0.0 |      29 |       0 |   0.0
        D:3 |     334 |      37 |  10.0 |      43 |       1 |   2.3
            +---------+---------+-------+---------+---------+-------
